← All builds
Pond / Armada / Economy first / OBSERVED BUILD

Standard pond

Armada Pond build order · Supreme Isthmus

Economy-first Pond with Bot Lab and Tidal boosting for allies, sending units front and teching into Advanced Metal Extractor as usual.

#eco #team support · 297 distinct matches · 131 players · 15% of Armada Pond games · team won 46% of 304 · Recently observed

HOW TO PLAY IT

Key timing: Bot Lab by 3:41

  1. Drop tidal and wind turbines fast to start boosting the fronts.
  2. Add mex and keep wind count above 10 for boost.
  3. Put down the bot lab and start pushing basic bots to front.
  4. Open a second bot lab and keep feeding units forward.
  5. Transition into T2 with an advanced mex and switch army to Tick/Pawn/Blitz.

Phase by phase

TYPICAL OF ITS 297 GAMES
  1. 1
  2. 2
  3. 3
PLAY THE OPENING

Follow the example game's first 6:00 step by step: what to build now, what comes next, and where it goes. At 1× it keeps pace with your own game.

  1. 1

    Up to the Bot Lab

    Economy
    • Metal Extractor4Mex
    • Tidal Generator8Tidalfor allies
    • Wind Turbine4Wind
    • Tidal Generator1Tidal
    • Energy Storage1Energy storage
    Order
    1. Bot LabBot Lab after 4 mex, 4 wind, 1 tidaldone ~3:38, middle half 3:12–5:00

    By 3:21 in all: 4 mex · 4 wind · 1 tidal · 1 energy storage

    The example game in this phase · 8 steps
    1. Tidal ×10for Suicide front
    2. Tidal
    3. Mex ×3
    4. Energy storage
    5. Wind ×2
    6. Mex
    7. Wind ×2
    8. Bot LabBot Labdone 3:40 · typical 3:38
  2. 2

    Bot Lab to 5:00

    Economy
    • Wind Turbine2Wind
    Builders
    • Construction Bot2 Con bot

    Some games also: Lazarus (44%) · con turret (44%) · converter (34%)

    By 5:00 in all: 4 mex · 9 wind · 1 tidal · 1 converter · 1 energy storage · 1 con turret

    The example game in this phase · 3 steps
    1. LazarusLazarus
    2. Construction BotCon bot
    3. TickTick ×8
  3. 3

    5:00 to 10:00

    Economy
    • Wind Turbine28Wind
    • Energy Converter6Converter
    Builders
    • Construction Turret1 Con turret

    Some games also: con bot (49%) · tick (42%) · pawn (34%) · eat Bot Lab (49%)

    By 10:00 in all: 4 mex · 38 wind · 1 tidal · 9 converter · 1 energy storage · 3 con turret

    The example game in this phase · 81 steps
    1. TickTick ×20
    2. Con turret
    3. TickTick ×10
    4. PawnPawn
    5. Wind ×2
    6. PawnPawn
    7. Wind ×2
    8. PawnPawn
    9. Wind
    10. PawnPawn
    11. Wind ×2
    12. PawnPawn
    13. Wind
    14. TickTick ×2
    15. Con turret
    16. TickTick ×4
    17. Wind ×2
    18. TickTick
    19. Wind
    20. TickTick
    21. Wind
    22. TickTick
    23. Wind ×2
    24. TickTick
    25. Wind
    26. TickTick
    27. Wind
    28. TickTick ×2
    29. Wind ×2
    30. TickTick ×3
    31. Wind
    32. TickTick
    33. Wind ×2
    34. TickTick
    35. Wind
    36. TickTick
    37. Wind
    38. TickTick
    39. Wind ×2
    40. TickTick
    41. Wind
    42. TickTick
    43. Wind ×2
    44. TickTick
    45. StarlightStarlightfor Geodone 10:46
    46. TickTick
    47. Wind
    48. TickTick
    49. Wind ×2
    50. TickTick
    51. Wind
    52. TickTick
    53. Wind ×2
    54. TickTick ×2
    55. Wind ×2
    56. TickTick
    57. Wind
    58. TickTick
    59. Wind
    60. TickTick ×7
    61. Con turret
    62. TickTick ×10
    63. Advanced Metal ExtractorT2 mexdone 13:34 · typical 9:03
    64. TickTick ×4
    65. Wind
    66. TickTick
    67. Wind
    68. Advanced Metal ExtractorT2 mex
    69. TickTick
    70. Wind
    71. TickTick ×3
    72. Wind ×2
    73. TickTick
    74. Wind ×2
    75. TickTick
    76. Wind ×2
    77. TickTick
    78. Wind
    79. Advanced Metal ExtractorT2 mex
    80. Wind
    81. TickTick ×4

Counts are medians over the build's games: half of them build more, half fewer. The example game is C0np0c's (37 OS, 06/10/2026); pick another.

Team trades

IN AT LEAST 30% OF ITS GAMES

You hand over

  • Tidal Generator8 Tidal to Suicide front or Frontfirst at 0:11 · in 94% of games

You get

  • Advanced Construction Bot1 T2 con bot from Techfirst at 7:36 · in 84% of games

How it plays out

Typical game of this build, running totals by minute

Metal produced

010k20k30k
0:005:0010:0015:00

metal

Enemy metal destroyed

01k2k3k
0:005:0010:0015:00

metal

Own metal lost

02k4k
0:005:0010:0015:00

metal

304 games.

Show as table
ByMetal produced: This buildEnemy metal destroyed: This buildOwn metal lost: This build
1:0011500
2:0026800
3:0079900
4:00147300
5:00218500
6:00299500
7:003910210
8:004948170117
9:006223379316
10:007705611552
11:009645842855
12:001205211691289
13:001453815531876
14:001742721342535
15:002018825993249
WHAT THE NUMBERS SAY

This is the role's baseline line, winning under half its games with mid economy and modest kills versus losses by 15:00.

  • + Reaches T2 constructor by 8:09 in 91% of games, a reliable tempo.
  • − Team wins only 46% of games, no edge over the role's norm.
THE EXAMPLE YOU ARE READING

C0np0c

37.3 OS · 06/10/2026

Open source match ↗

2 received units · includes a constructor
153 metal received · 32025 energy received

Allied construction assistance is unknown. Timings are observations, not a promise of solo reproducibility.

Typical milestones

Bot Lab3:38Middle 50%: 3:12–5:00 · n=277
Advanced Metal Extractor9:03Middle 50%: 7:58–10:04 · n=261

Played most by

EpicTyrannus14games of this buildViltrum13games of this buildzeus_on_god11games of this buildHunfore8games of this build_[BOBO]_7games of this build